 Dungeon Crawl Stone Soup version 0.21-a0-358-g8928369 (webtiles) character file.

28 Dfrag the Firebug (level 3, 10/25 HPs)
             Began as a Demonspawn Fire Elementalist on Oct 12, 2017.
             Quit the game on level 2 of the Dungeon.
             The game lasted 00:01:35 (723 turns).

Dfrag the Firebug (Demonspawn Fire Elementalist)     Turns: 723, Time: 00:01:35

Health: 10/25      AC:  4    Str:  8    XL:     3   Next: 0%
Magic:  1/6        EV: 12    Int: 17    God:
Gold:   62         SH:  0    Dex: 13    Spells: 5/6 levels left

rFire    . . .     SeeInvis .   d - +1 dagger (freeze)
rCold    . . .     Gourm    .   (no shield)
rNeg     . . .     Faith    .   a - +0 robe
rPois    .         Spirit   .   (no helmet)
rElec    .         Reflect  .   (no cloak)
rCorr    .         Harm     .   (no gloves)
MR       .....                  (no boots)
Stlth    ++........             (no amulet)
HPRegen  0.08/turn              (no ring)
MPRegen  0.10/turn              (no ring)

@: very slightly contaminated
A: iridescent scales 1, spiny 1
a: no special abilities


You were on level 2 of the Dungeon.
You were not hungry.

You visited 1 branch of the dungeon, and saw 2 of its levels.

You collected 62 gold pieces.

Inventory:

Hand Weapons
 d - a +1 dagger of freezing (weapon)
Armour
 a - a +0 robe (worn)
Scrolls
 e - a scroll of remove curse {unknown}
 f - a scroll of identify {unknown}
 h - a scroll of amnesia {unknown}
 j - a scroll of enchant weapon {unknown}
Potions
 g - a potion of magic {unknown}
Books
 b - a book of Flames

   Spells                             Type                      Level
   a - Flame Tongue                   Conjuration/Fire             1
   b - Throw Flame                    Conjuration/Fire             2
   c - Conjure Flame                  Conjuration/Fire             3
   d - Inner Flame                    Hexes/Fire                   3
   e - Sticky Flame                   Conjuration/Fire             4
   f - Fireball                       Conjuration/Fire             5
Comestibles
 c - 2 bread rations
 i - 4 fruits
 k - a chunk of flesh


   Skills:
 + Level 0.5 Fighting
 + Level 0.1 Short Blades
 + Level 2.0 Dodging
 + Level 2.1 Stealth
 + Level 0.3 Unarmed Combat
 + Level 2.2 Spellcasting
 + Level 1.1 Conjurations
 + Level 3.0 Fire Magic


You had 5 spell levels left.
You knew the following spells:

 Your Spells              Type           Power        Failure   Level  Hunger
a - Flame Tongue          Conj/Fire      #....        9%          1    #......


Dungeon Overview and Level Annotations

Branches:
Dungeon (2/15)

Altars:


Innate Abilities, Weirdness & Mutations

You are partially covered in iridescent scales. (AC +2)
You are partially covered in sharp spines.


Message History

Aiming: Flame Tongue
Press: ? - help, Shift-Dir - straight line, f - frilled lizard
Aim: a frilled lizard The flame tongue misses the frilled lizard.
The frilled lizard unfolds its giant frill.
You hit the frilled lizard. You freeze the frilled lizard.
You kill the frilled lizard!
The rat closely misses you.
You see here a frilled lizard corpse.
You hit the rat. You freeze the rat.
You kill the rat!
You have reached level 3!
Your experience leads to an increase in your attributes!
Increase (S)trength, (I)ntelligence, or (D)exterity?
You feel clever.
Your demonic ancestry asserts itself...
Sharp spines emerge from parts of your body.
You see here a rat corpse.
You butcher the rat corpse.
k - a chunk of flesh Are you sure you want to abandon this character and quit the game? (Confirm with "yes".)

.. #.#####
#.##.. #.....
#.##.#
#.##.########
#.##.........
#.@†.).......
#.###..#####
.######.# #..#
.......<###..#
....###.##...#
###..........#
#.###....#[#
###....#
##.#.#


There were no monsters in sight!

Vanquished Creatures
  An ooze (D:1)
  4 bats (D:1)
  A giant cockroach (D:1)
  2 goblins (D:1)
  3 hobgoblins
  2 frilled lizards
  5 kobolds (D:1)
  5 rats
23 creatures vanquished.

Notes
Turn   | Place    | Note
-------+----------+-------------------------------------------
     0 | D:1      | Dfrag the Demonspawn Fire Elementalist began the quest for the Orb.
     0 | D:1      | Reached XP level 1. HP: 13/13 MP: 3/3
   181 | D:1      | Gained mutation: You are partially covered in iridescent scales. (AC +2) [demonic ancestry]
   181 | D:1      | Reached XP level 2. HP: 13/20 MP: 5/5
   702 | D:2      | Reached skill level 3 in Fire Magic
   719 | D:2      | Gained mutation: You are partially covered in sharp spines. [demonic ancestry]
   719 | D:2      | Reached XP level 3. HP: 10/25 MP: 0/6
   723 | D:2      | Quit the game

Vault maps used:
D:1:      minmay_arrival_diagonal_passages, hex_intersection,
          minmay_misc_feat_roman, minmay_misc_feat_chi
D:2:      grunt_ministairs_1

Skill      XL: |  1  2 |
---------------+-------+-----
Stealth        | 2 |  2.1
Dodging        | 2 |  2.0
Fire Magic     | 3 |  3.0
Fighting       | |  0.5
Short Blades   | |  0.1
Unarmed Combat | |  0.3
Spellcasting   | |  2.2
Conjurations   | |  1.1

Action                   || total
-------------------------++-------
Melee: Dagger            ||    35
       Unarmed           ||     3
 Cast: Flame Tongue      ||    26
Armor: Robe              ||    18
Dodge: Dodged            ||    41

Table legend:
 A = Spawn XP
 B = Non-spawn XP
 C = Spawn XP percentage of total XP
 D = Spawn monster count
 E = Non-spawn monster count
 F = Spawn count percentage of total count
 G = Total turns spent on level
                    A         B        C        D         E        F      G
               +---------+---------+-------+---------+---------+-------+---------
         Total |       0 |      41 |   0.0 |       0 |      23 |   0.0 |   723
               +---------+---------+-------+---------+---------+-------+---------
           D:1 |       0 |      37 |   0.0 |       0 |      20 |   0.0 |   689
           D:2 |       0 |       4 |   0.0 |       0 |       3 |   0.0 |    34
               +---------+---------+-------+---------+---------+-------+---------
